 Dungeon Crawl Stone Soup version 0.18.1-50-g88ac8fd (webtiles) character file.

286 magog001 the Slinger (level 6, -5/39 HPs)
             Began as a Halfling Hunter on Dec 27, 2017.
             Slain by an orc
             ... wielding a +0 trident
              (9 damage)
             ... on level 5 of the Dungeon.
             The game lasted 00:23:03 (3170 turns).

magog001 the Slinger (Halfling Hunter)              Turns: 3170, Time: 00:23:04

Health: -5/39      AC:  5    Str: 12    XL:     6   Next: 56%
Magic:  6/6        EV: 15    Int: 10    God:
Gold:   228        SH:  0    Dex: 17    Spells: 0 memorised, 5 levels left

rFire  . . .     SeeInvis .     C - +2 short sword (drain)
rCold  . . .     Gourm    .     c - +0 leather armour
rNeg   . . .     Faith    .     (shield restricted)
rPois  .         Spirit   .     x - +0 helmet
rElec  .         Dismiss  .     (no cloak)
rCorr  .         Reflect  .     D - +0 pair of gloves
SustAt .         Harm     .     (no boots)
MR     .....                    (no amulet)
Stlth  ++........               (no ring)
                                (no ring)

@: not resistant to hostile enchantments, unstealthy
A: mutation resistance 1
a: no special abilities


You were on level 5 of the Dungeon.
You were not hungry.

You visited 1 branch of the dungeon, and saw 5 of its levels.

You collected 228 gold pieces.

Inventory:

Hand Weapons
 a - a +1 hunting sling
 C - a +2 short sword of draining (weapon)
Missiles
 n - 185 stones (quivered)
 B - 4 tomahawks
Armour
 c - a +0 leather armour (worn)
 x - a +0 helmet (worn)
 D - a +0 pair of gloves (worn)
Rods
 A - a -3 rod of clouds (10/10)
   (You found it on level 3 of the Dungeon)
Wands
 w - a wand of paralysis (17/24)
Scrolls
 k - a scroll of enchant weapon {unknown}
 l - 2 scrolls of teleportation {unknown}
 m - 4 scrolls of identify {unknown}
 p - 6 scrolls of recharging {unknown}
 r - a scroll of fog {unknown}
 s - 4 scrolls of remove curse {unknown}
 t - a scroll of magic mapping {unknown}
 y - 3 scrolls of enchant armour {unknown}
Potions
 b - a potion of mutation {unknown}
 e - a potion of berserk rage {unknown}
 g - a potion of might {unknown}
 h - 2 potions of brilliance {unknown}
 j - 2 potions of beneficial mutation {unknown}
 o - a potion of flight {unknown}
 q - 2 potions of lignification {unknown}
 u - 5 potions of curing {unknown}
Comestibles
 f - 5 bread rations
 i - 4 meat rations
 v - 2 beef jerkies


   Skills:
 - Level 1.7 Fighting
 * Level 2.9 Short Blades
 + Level 9.0 Slings
 + Level 1.2 Armour
 + Level 2.5 Dodging
 * Level 2.9 Stealth
 + Level 0.2 Evocations


You had 5 spell levels left.
You didn't know any spells.

Dungeon Overview and Level Annotations

Branches:
Dungeon (5/15)             Temple (0/1) D:4

Altars:
Gozag


Innate Abilities, Weirdness & Mutations

You are small and have problems with some larger weapons.
You are somewhat resistant to further mutation.


Message History

The orc hits you with a trident.
You barely miss the orc.
The orc is severely wounded.
The orc hits you with a trident.
You barely miss the orc.
The orc is severely wounded.
The orc hits you with a flail. The orc hits you with a trident.
You barely miss the orc.
The orc is almost dead.
The orc completely misses you. x2
The orc hits you from afar with a trident.
* * * LOW HITPOINT WARNING * * *
You hit the orc.
You kill the orc!
The orc hits you from afar with a trident.
* * * LOW HITPOINT WARNING * * *
Eat which item? (? for menu, Esc to quit)
You continue eating.
The orc hits you from afar with a trident!
You die...

##### #.... ########..##
#..........#
#############.#####.....
#...so.@................
#.##)#####..............
#)# #.#..##.#.....# #.#
#.#..#.###.#.##
((...##.#<..# ##....
..##.......## ##.##
...#####.#...## ##.##
.((. #.#..#.###.##
#.#..##.#..#


You could see a scorpion and an orc.

Vanquished Creatures
  A giant frog (D:5)
  An orc priest (D:5)
  2 worker ants
  A killer bee zombie (D:5)
  4 adders
  An ooze (D:3)
  2 worms
  2 dart slugs (D:1)
  2 giant geckos (D:3)
  10 orcs
  7 bats
  5 giant cockroaches
  11 goblins
  3 hobgoblins
  2 quokkas
  A ball python (D:2)
  3 giant newts
  A jackal skeleton (D:4)
  5 kobolds
  5 rats
69 creatures vanquished.

Notes
Turn   | Place    | Note
--------------------------------------------------------------
     0 | D:1      | magog001 the Halfling Hunter began the quest for the Orb.
     0 | D:1      | Reached XP level 1. HP: 14/14 MP: 1/1
   214 | D:1      | Reached skill level 6 in Slings
   223 | D:1      | Reached XP level 2. HP: 19/19 MP: 2/2
   497 | D:1      | Reached skill level 7 in Slings
   497 | D:1      | Reached XP level 3. HP: 20/24 MP: 3/3
   921 | D:2      | Reached skill level 1 in Short Blades
  1133 | D:2      | Found an opulent altar of Gozag.
  1224 | D:2      | Reached XP level 4. HP: 29/29 MP: 4/4
  1643 | D:3      | Identified a -3 rod of clouds (10/10) (You found it on level 3 of the Dungeon)
  1972 | D:3      | Reached XP level 5. HP: 34/34 MP: 5/5
  2381 | D:4      | Found a staircase to the Ecumenical Temple.
  2581 | D:4      | Reached skill level 8 in Slings
  2720 | D:5      | Entered Level 5 of the Dungeon
  2727 | D:5      | Noticed a giant frog
  2735 | D:5      | Killed a giant frog
  2735 | D:5      | Reached XP level 6. HP: 23/39 MP: 6/6
  2903 | D:5      | Reached skill level 1 in Armour
  3143 | D:5      | Reached skill level 9 in Slings
  3170 | D:5      | Slain by an orc

Skill      XL: |  1  2  3  4  5  6 |
---------------+-------------------+-----
Slings         | 6 7 8 9 |  9.0
Short Blades   | 1 2 |  2.9
Stealth        | 2 |  2.9
Armour         | 1 |  1.2
Fighting       | |  1.7
Dodging        | |  2.5
Evocations     | |  0.2

Action                   |  1- 3 |  4- 6 || total
-------------------------+-------+-------++-------
Melee: Short sword       |       |    11 ||    11
 Fire: Hunting sling     |    94 |   155 ||   249
Evoke: Rod               |       |     1 ||     1
  Eat: Chunk             |     1 |     4 ||     5
       Beef jerky        |       |     1 ||     1
       Royal jelly       |       |     1 ||     1
Armor: Leather armour    |     4 |    10 ||    14
Dodge: Dodged            |    24 |    52 ||    76
